 Dungeon Crawl Stone Soup version 0.20-a0-876-g2c7b0bf (webtiles) character file.

77 4thArraOfDagon the Skirmisher (level 4, 0/36 HPs)
             Began as a Mummy Chaos Knight on Mar 15, 2017.
             Slain by Purgy (3 damage)
             ... in a sewer.
             The game lasted 00:03:12 (748 turns).

4thArraOfDagon the Skirmisher (Mummy Chaos Knight)   Turns: 748, Time: 00:03:12

Health: 0/36       AC:  9    Str: 15    XL:     4   Next: 13%
Magic:  4/4        EV:  6    Int: 12    God:    Xom [..*...]
Gold:   112        SH:  0    Dex: 11    Spells: 3/3 levels left

rFire    x . .     SeeInvis .   a - +0 spear (chaos)
rCold    + . .     Gourm    .   h - +0 chain mail
rNeg     + + +     Faith    .   (no shield)
rPois    ∞         Spirit   .   (no helmet)
rElec    .         Reflect  .   f - +0 cloak
rCorr    .         Harm     .   (no gloves)
MR       .....                  (no boots)
Stlth    ..........             n - amulet of magic regeneration
Regen    0.2/turn               (no ring)
MPRegen  0.2/turn               (no ring)

@: no status effects
A: no food or potions, fire vulnerability, cold resistance 1, negative energy
resistance 3, torment resistance, unbreathing
a: Renounce Religion


You were in a sewer.
You worshipped Xom.
You were a toy of Xom.
You were not hungry.

You visited 1 branch of the dungeon, and saw 4 of its levels.
You also visited: Sewer.

You collected 112 gold pieces.

Inventory:

Hand Weapons
 a - a +0 spear of chaos (weapon)
Armour
 b - a +2 leather armour
 d - a +0 ring mail
 f - a +0 cloak (worn)
 h - a +0 chain mail (worn)
Jewellery
 c - an uncursed amulet of harm {unknown}
 n - an amulet of magic regeneration (around neck)
Scrolls
 e - 2 scrolls of teleportation {unknown}
 g - 2 scrolls of identify
 i - a scroll of immolation {unknown}
 k - 2 scrolls of amnesia {unknown}
 l - a scroll of remove curse
 m - a scroll of recharging
 o - a scroll of random uselessness


   Skills:
 + Level 3.6 Fighting
 * Level 3.2 Polearms
 + Level 2.1 Armour
 + Level 1.1 Dodging


You had 3 spell levels left.
You didn't know any spells.

Dungeon Overview and Level Annotations

Branches:
Dungeon (4/15)
 Temple: D:4-7

Altars:
Elyvilon
Fedhas
Trog
Zin
The Shining One

Shops:
D:4 %

Annotations:
Sewer Purgy


Innate Abilities, Weirdness & Mutations

You do not eat or drink.
Your flesh is vulnerable to fire.
You are immune to poison.
Your flesh is cold resistant. (rC+)
You are immune to negative energy. (rN+++)
You are immune to unholy pain and torment.
You can survive without breathing.


Message History

Purgy claws you but does no damage. x2
Unknown command.
Unknown command.
Unknown command.
Purgy bites you.
* * * LOW HITPOINT WARNING * * *
Purgy claws you but does no damage. x2
There is an open door here.
Unknown command.
Unknown command.
As you read the scroll labeled NUFRUAHELI, it crumbles to dust.
It is a scroll of recharging.
You aren't carrying any rechargeable items.
Purgy barely misses you. Purgy claws you but does no damage.
Purgy closely misses you.
As you read the scroll labeled HIATOA QEINE, it crumbles to dust.
You feel blessed for a moment.
It was a scroll of remove curse.
Purgy bites you but does no damage. Purgy claws you.
You die...
Xom laughs nastily!

## ######### #!
#.##.##∩# #. #.##.##.#
#'##@##'##.##+##+#
#..T..............
≈≈≈≈≈#≈≈≈≈≈≈≈≈≈.≈≈≈≈≈≈≈
≈≈≈≈≈#≈≈≈≈≈≈≈≈≈∩≈≈≈≈≈≈≈
≈≈≈≈≈#≈≈≈≈≈≈≈≈≈.≈≈≈≈≈≈≈
######.................
#+##+##+##+##+##+#


You could see Purgy.

Vanquished Creatures
  A worker ant (D:4)
  An adder (D:3)
  A worm (D:3)
  5 orcs
  3 ball pythons
  2 giant cockroaches
  6 hobgoblins
  5 kobolds
  4 bats
  3 frilled lizards
  2 goblins
  5 rats
38 creatures vanquished.

Notes
Turn   | Place    | Note
-------+----------+-------------------------------------------
     0 | D:1      | 4thArraOfDagon the Mummy Chaos Knight began the quest for the Orb.
     0 | D:1      | Reached XP level 1. HP: 18/18 MP: 1/1
   140 | D:2      | XOM: harmless Necr miscast
   207 | D:2      | XOM: potion effect (curing)
   255 | D:2      | Reached XP level 2. HP: 24/24 MP: 2/2
   263 | D:3      | Found a glowing silver altar of Zin.
   264 | D:3      | Found a glowing golden altar of the Shining One.
   270 | D:3      | Found a white marble altar of Elyvilon.
   379 | D:3      | XOM: silly message
   382 | D:3      | XOM: silly message
   416 | D:4      | XOM: potion effect (might)
   425 | D:4      | Reached XP level 3. HP: 18/29 MP: 3/3
   445 | D:4      | Reached skill level 1 in Dodging
   480 | D:4      | Found Tuce Dit's Food Shop.
   541 | D:3      | Reached XP level 4. HP: 19/36 MP: 4/4
   570 | D:2      | Found a blossoming altar of Fedhas.
   604 | D:3      | Found a bloodstained altar of Trog.
   652 | D:4      | Found a glowing drain.
   707 | Sewer    | Entered a sewer
   728 | Sewer    | Noticed Purgy
   748 | Sewer    | Slain by Purgy

Vault maps used:
D:1:      minmay_arrival_three_doors, minmay_split_cup_large
D:2:      marbit_many_paths
D:3:      good_gods_mini_temple, bloody_trog
D:4:      portal_sewer_entry_c, serial_shops, nicolae_shop_statue_plus,
          lemuel_tele_altar
Sewer:    kennysheep_door_sewer

Skill      XL: |  1  2  3 |
---------------+----------+-----
Polearms       | 3 |  3.2
Armour         | 2 |  2.1
Dodging        | 1 |  1.1
Fighting       | |  3.6

Action                   |  1- 3 |  4- 6 || total
-------------------------+-------+-------++-------
Melee: Spear             |   124 |    37 ||   161
Throw: Throwing net      |       |     2 ||     2
  Use: Scroll            |       |     3 ||     3
 Stab: Confused          |     1 |     1 ||     2
       Held in net/web   |       |     1 ||     1
Armor: Chain mail        |    56 |    37 ||    93
       Leather armour    |     7 |       ||     7
Dodge: Dodged            |    44 |    15 ||    59
